 Dungeon Crawl Stone Soup version 0.28.0 (webtiles) character file.

Game seed: 13006651578925726174

53 fragbeetle the Chopper (level 3, -2/30 HPs)
             Began as a Minotaur Gladiator on Feb 19, 2022.
             Was a Believer of Lugonu.
             Slain by an ice beast (7 damage)
             ... on level 3 of the Dungeon.
             The game lasted 00:02:04 (2187 turns).

fragbeetle the Chopper (Minotaur Gladiator)         Turns: 2187, Time: 00:02:05

Health: -2/30      AC:  9    Str: 20    XL:     3   Next: 64%
Magic:  2/2        EV:  8    Int:  5    God:    Lugonu [**....]
Gold:   74         SH:  0    Dex: 11    Spells: 2/2 levels left

rFire   . . .      SeeInvis .   a - +0 war axe
rCold   . . .      Faith    .   (no shield)
rNeg    . . .      Spirit   .   h - +0 chain mail
rPois   .          Reflect  .   c - +0 hat
rElec   .          Harm     .   e - +0 cloak
rCorr   .          Rampage  .   (no gloves)
Will    .....                   (no boots)
Stlth   ..........              (no amulet)
HPRegen 0.10/turn               (no ring)
MPRegen 0.08/turn               (no ring)

@: no status effects
A: horns 2, retaliatory headbutt
a: Renounce Religion, Depart the Abyss, Bend Space


You were on level 3 of the Dungeon.
You worshipped Lugonu.
Lugonu was pleased with you.
You visited 1 branch of the dungeon, and saw 3 of its levels.

You collected 74 gold pieces.

Inventory:

Hand Weapons
 a - a +0 war axe (weapon)
 i - a +2 vorpal falchion
Missiles
 d - 3 throwing nets (quivered)
 j - 24 sling bullets
 l - 14 arrows
Armour
 c - a +0 hat (worn)
 e - a +0 cloak (worn)
 h - a +0 chain mail (worn)
Scrolls
 b - a scroll of brand weapon {unknown}
 g - 2 scrolls of identify {unknown}
Potions
 f - 4 potions of haste {unknown}
 k - a potion of degeneration {unknown}


   Skills:
 - Level 2.4 Fighting
 + Level 5.7 Axes
 - Level 2.0 Throwing
 - Level 3.2 Dodging


You had 2 spell levels left.
You didn't know any spells.
Your spell library was empty.

Dungeon Overview and Level Annotations

Branches:
Dungeon (3/15)

Altars:
Lugonu


Innate Abilities, Weirdness & Mutations

You have a pair of horns on your head.
You reflexively headbutt those who attack you in melee.


Message History

Moving in this stuff is going to be slow.
You enter the shallow water.
Moving in this stuff is going to be slow.
You enter the shallow water.
Moving in this stuff is going to be slow.
There is a stone staircase leading down here.
You climb downwards.
There is a stone staircase leading up here.
A rat is nearby!
The rat barely misses you.
You slash the rat!
You kill the rat!
Lugonu accepts your kill.
No target in view!
No target in view!
You see here a rat corpse.
An ice beast comes into view.
An ice beast is nearby!
An ice beast is nearby!
Found a cyan potion.
Found an escape hatch in the floor.
The ice beast hits you but does no damage.
You closely miss the ice beast. Your headbutt misses the ice beast.
The ice beast hits you. The ice beast freezes you!
You are too injured to fight recklessly!
You are too injured to fight recklessly!
You are too injured to fight recklessly!
You are too injured to fight recklessly!
You hit the ice beast but do no damage.
The ice beast hits you but does no damage.
You barely miss the ice beast. Your headbutt misses the ice beast.
The ice beast hits you. The ice beast freezes you!
* * * LOW HITPOINT WARNING * * *
You hit the ice beast but do no damage. The ice beast barely misses you.
The ice beast hits you but does no damage.
You hit the ice beast.
The ice beast is lightly wounded.
The ice beast hits you.
* * * LOW HITPOINT WARNING * * *
The ice beast freezes you!
You die...

#.# #.# #.# #.# #.#
######## #######.####
####......# ............
!.........#########.####
>.....Y@............#
..........###########
..........# ####......#
........# .........#
..........# ....#######


You could see an ice beast.

Vanquished Creatures
  A worm (D:2)
  6 ball pythons
  7 endoplasms
  A giant cockroach (D:2)
  5 goblins
  4 hobgoblins
  2 jackals (D:1)
  A kobold (D:2)
  3 quokkas
  2 bats (D:2)
  5 frilled lizards
  9 rats
46 creatures vanquished.

Notes
Turn   | Place    | Note
-------+----------+-------------------------------------------
     0 | D:1      | fragbeetle the Minotaur Gladiator began the quest for the
                  | Orb.
     0 | D:1      | Reached XP level 1. HP: 18/18 MP: 0/0
   112 | D:1      | Reached skill level 4 in Axes
   176 | D:1      | Reached XP level 2. HP: 25/25 MP: 1/1
  1087 | D:1      | Reached skill level 5 in Axes
  1260 | D:2      | Reached XP level 3. HP: 30/30 MP: 2/2
  2100 | D:2      | Found a faded altar of an unknown god.
  2107 | D:2      | Prayed at the altar of an unknown god.
  2107 | D:2      | Became a worshipper of Lugonu the Unformed
  2107 | D:2      | Reached * piety under Lugonu
  2107 | D:2      | Reached ** piety under Lugonu
  2179 | D:3      | Noticed an ice beast
  2187 | D:3      | Slain by an ice beast

Illustrated notes

Levels and vault maps discovered:
D:1:      lemuel_arrival_tunnels, layout_basic, serial_park_tiny_2,
          roderic_lattice_a
D:2:      minmay_door_path, layout_basic, shapermc_ecumenical_altar_hornbeckon,
          minmay_misc_feat_rows
D:3:      layout_basic, serial_glass, glass_columns_b, glass_columns_b,
          item_on_display_a, item_on_display_a, ebering_ghost_rock_garden,
          roderic_filled_cross, chequers_avenue

Skill      XL: |  1  2 |
---------------+-------+-----
Axes           | 4 5 |  5.7
Fighting       | |  2.4
Throwing       | |  2.0
Dodging        | |  3.2

Action                   || total
-------------------------++-------
Melee: War axe           ||    92
       Headbutt          ||    17
Armor: Leather armour    ||     5
       Chain mail        ||    44
Dodge: Dodged            ||    35
